 Dungeon Crawl Stone Soup version 0.23.0-33-g5e6c059 (webtiles) character file.

Game seed: 0

118649 Fang the Warrior (level 16, -2/110 HPs)
             Began as a Gargoyle Berserker on Feb 26, 2019.
             Was the Champion of Trog.
             Shot with a bolt by an orc knight (20 damage)
             ... on level 2 of the Orcish Mines.
             The game lasted 00:37:14 (25480 turns).

Fang the Warrior (Gargoyle Berserker)              Turns: 25480, Time: 00:37:15

Health: -2/110     AC: 37    Str: 31    XL:     16   Next: 77%
Magic:  16/16      EV: 15    Int:  9    God:    Trog [******]
Gold:   2245       SH:  0    Dex: 14    Spells: 15/15 levels left

rFire    . . .     SeeInvis +   m - +2 battleaxe (flame)
rCold    . . .     Gourm    +   (shield currently unavailable)
rNeg     + . .     Faith    .   w - +2 plate armour
rPois    ∞         Spirit   .   d - +1 helmet
rElec    +         Reflect  .   B - +2 cloak
rCorr    .         Harm     .   (no gloves)
MR       +....                  (no boots)
Stlth    ..........             K - amulet of Zodd {Gourm Str+4}
HPRegen  0.28/turn              l - +5 ring of dexterity
MPRegen  0.15/turn              F - ring of see invisible

@: berserk cooldown, flying, slowed, very slow
A: big wings, negative energy resistance 1, electricity resistance, unbreathing,
petrification resistance, rot immunity, AC +12
a: Stop Flying, Berserk, Trog's Hand, Brothers in Arms, Renounce Religion


You were on level 2 of the Orcish Mines.
You worshipped Trog.
Trog was exalted by your worship.
You were completely stuffed.

You visited 4 branches of the dungeon, and saw 24 of its levels.
You also visited: Gauntlet.

You collected 2547 gold pieces.
You spent 302 gold pieces at shops.

Inventory:

Hand Weapons
 m - a +2 battleaxe of flaming (weapon)
 Q - a +2 battleaxe of chopping
 T - a +1 war axe of venom
 U - the +8 battleaxe "Owka" {freeze, rElec rN+ Str-3 Int+7}
   (Trog gifted it to you in a Gauntlet)

   It has been specially enchanted to freeze those struck by it, causing extra
   injury to most foes and up to half again as much damage against particularly
   susceptible opponents.
   It can also slow down cold-blooded creatures.
   It affects your strength (-3).
   It affects your intelligence (+7).
   It insulates you from electricity.
   It protects you from negative energy.
 V - a +3 executioner's axe of electrocution
Armour
 d - a +1 helmet (worn)
 s - a +3 leather armour of cold resistance
 w - a +2 plate armour (worn)
 B - a +2 cloak (worn)
Jewellery
 l - a +5 ring of dexterity (left hand)
 o - a +2 ring of intelligence
 x - an uncursed ring of protection from cold
 C - an uncursed amulet of rage
 D - an uncursed ring of protection from cold
 F - a ring of see invisible (right hand)
 I - a +3 ring of evasion
 J - a +4 ring of protection
 K - the amulet of Zodd (around neck) {Gourm Str+4}
   (You found it on level 1 of the Lair of Beasts)

   [amulet of the gourmand]

   It allows you to eat raw meat even when not hungry.
   It affects your strength (+4).
 W - the ring "Wonifrik" {*Tele rElec Str+3}
   (You found it in a Gauntlet)

   [ring of teleportation]

   It may teleport you next to monsters.
   It affects your strength (+3).
   It insulates you from electricity.
 X - a +3 ring of intelligence
 Y - a +2 ring of slaying
Wands
 a - a wand of disintegration (16)
 q - a wand of polymorph (10)
 r - a wand of paralysis (12)
 v - a wand of flame (106)
 y - a wand of random effects (33)
 M - a wand of iceblast (14)
 O - a wand of enslavement (18)
 S - a wand of acid (20)
Scrolls
 b - 14 scrolls of teleportation
 e - 6 scrolls of blinking
 g - 13 scrolls of identify
 h - 4 scrolls of magic mapping
 i - 10 scrolls of remove curse
 j - 3 scrolls of fog
 N - 2 scrolls of fear
Potions
 f - 5 potions of lignification
 k - 9 potions of curing
 n - 5 potions of agility
 t - 2 potions of ambrosia
 u - 2 potions of haste
 A - a potion of cancellation
 E - 3 potions of heal wounds
 G - 4 potions of mutation
 H - a potion of invisibility
 L - a potion of brilliance
 P - 3 potions of might
 R - 2 potions of magic
Comestibles
 c - 44 rations
 p - 8 chunks of flesh


   Skills:
 + Level 15.9 Fighting
 + Level 13.7 Axes
 + Level 15.7 Armour
 + Level 12.6 Dodging


You had 15 spell levels left.
You didn't know any spells.
Your spell library was empty.

Dungeon Overview and Level Annotations

Branches:
Dungeon (15/15)            Temple (1/1) D:4            Lair (6/6) D:9
  Swamp (0/4) Lair:3        Snake (0/4) Lair:4        Slime (0/5) Lair:6
    Orc (2/2) D:12            Elf (0/3) Orc:2        Vaults (0/5) D:14
 Depths (0/5) D:15

Altars:
Ashenzari
Elyvilon
Fedhas
Kikubaaqudgha
Makhleb
Nemelex Xobeh
Ru
Sif Muna
Trog
Uskayaw
Vehumet
Wu Jian
Xom
Yredelemnul
Zin
The Shining One
Jiyva

Shops:
D:7 :   D:8 %*(   D:10 ?   D:12 !?}((   D:13 *

Annotations:
D:9 1 runed translucent door
D:13 2 transporters, shrubosaur's ghost, journeyman GrBe
Lair:1 exclusion: 3 oklob plants


Innate Abilities, Weirdness & Mutations

You are resistant to torment.
Your stone body is resilient. (AC +12)
You are immune to poison.
Your large and strong wings let you fly indefinitely.
You resist negative energy. (rN+)
You are resistant to electric shocks. (rElec)
You can survive without breathing.
You are immune to petrification.
You are immune to rotting.


Message History

You start resting.
The orc knight is too close now for your liking.
An orc knight is nearby!
An orc knight is nearby!
An orc knight is nearby!
You are too injured to fight recklessly!
The orc knight shoots a bolt.
The bolt hits you but does no damage.
You see here 2 large rocks.
The orc knight shoots a bolt.
The bolt hits you but does no damage.
You see here a bolt.
The orc knight shoots a bolt.
The bolt hits you!
* * * LOW HITPOINT WARNING * * *
You see here a bolt.
The orc knight shoots a bolt.
The bolt hits you!
* * * LOW HITPOINT WARNING * * *
You see here a bolt.
The orc knight shoots a bolt.
The bolt hits you but does no damage.
You see here 2 bolts.
The orc knight shoots a bolt.
The bolt hits you!!
You die...

.......#.#.#.#.##.#.###
........................
........................
........................
........................
........................
..........(.............
....)).........(........
.(.....(...(..((@.......
.(......(..(...(........
.......(...(..()))......
...........(((..........
...........(..).........
.(......................
....................o...
........................
........................


You could see an orc knight.

Vanquished Creatures
  Frances (D:14)
  A tengu reaver (D:15)
  A frost giant (D:15)
  A stone giant (Orc:2)
  A minotaur (Gauntlet)
  An ettin (D:15)
  Snorg (D:11)
  Josephine (D:11)
  2 rakshasas
  A yaktaur captain (D:15)
  The ghost of nbazoo the Spear-Bearer, a journeyman MiBe of Trog (Lair:2)
  8 vault guards (D:14)
  Erolcha (D:11)
  9 centaur warriors
  10 hydras
  5 two-headed ogres
  A deep troll earth mage (D:15)
  3 death yaks (Lair:6)
  Urug (D:13)
  A queen ant (Lair:2)
  5 unseen horrors
  A skeletal warrior (D:15)
  A wizard (D:15)
  Pikel (D:7)
  2 deep elf magi
  A wolf spider zombie (D:15)
  A wolf spider (D:15)
  A lindwurm (Lair:5)
  A phantasmal warrior (D:15)
  A necromancer (Gauntlet)
  3 orc knights
  3 manticores
  2 orc sorcerers (Orc:2)
  10 ugly things
  8 cyclopes
  6 black mambas
  Maurice (Orc:1)
  A torpor snail (Gauntlet)
  An elephant (D:9)
  12 spiny frogs
  5 gargoyles
  2 rime drakes
  7 komodo dragons
  A freezing wraith (D:15)
  2 redback zombies (D:14)
  A tengu conjurer (D:14)
  A queen bee (Lair:2)
  4 bog bodies (Lair:3)
  4 slime creatures
  7 hornets
  10 polar bears
  13 trolls
  9 hippogriffs
  13 dream sheep
  6 blink frogs
  2 centaur simulacra (D:15)
  4 shadows
  16 spriggans (Lair:6)
  A vampire (D:15)
  A redback (D:15)
  26 yaks
  5 wraiths (D:11)
  2 spectral komodo dragons (Lair:2)
  4 wyverns
  3 hungry ghosts
  A human (D:8)
  7 vampire mosquitoes
  2 steam dragons
  6 basilisks
  4 nagas (Lair:4)
  8 soldier ants (Lair:2)
  3 wargs
  Edmund (D:6)
  4 swamp worms
  3 acid dragons (D:15)
  11 water moccasins
  8 porcupines
  5 sky beasts
  29 orc warriors
  3 eyes of draining
  3 ice beasts
  3 black bears
  2 necrophages
  3 phantoms
  28 wolves
  12 ogres
  4 boggarts
  44 centaurs
  18 crocodiles
  2 big kobolds
  23 bullfrogs
  2 wyvern zombies (D:14)
  2 wyvern skeletons
  7 scorpions
  41 killer bees
  A dream sheep simulacrum (Lair:2)
  8 wights (D:14)
  2 electric eels
  9 howler monkeys
  5 centaur zombies
  17 crimson imps
  A komodo dragon simulacrum (Lair:2)
  A wyvern simulacrum (D:15)
  4 jellies
  3 quasits
  3 bullfrog zombies
  14 orc priests
  18 orc wizards
  4 bullfrog skeletons
  10 centaur skeletons
  4 hounds
  Crazy Yiuf (D:6)
  2 gnoll shamans
  Ijyb (D:3)
  Terence (D:3)
  2 iguanas
  38 worker ants
  A hound skeleton (D:6)
  Robin (D:3)
  15 gnolls
  14 adders
  A howler monkey skeleton (D:7)
  3 shadow imps
  An ooze (D:1)
  2 adder skeletons
  An adder zombie (D:9)
  4 worms
  2 dart slugs
  3 leopard geckos
  83 orcs
  A ball python (D:3)
  4 giant cockroaches
  23 goblins
  9 hobgoblins
  13 jackals
  4 quokkas
  5 bats
  6 frilled lizards
  26 kobolds
  9 rats
  5 fungi
  4 plants
  A withered plant (Gauntlet)
941 creatures vanquished.

Vanquished Creatures (collateral kills)
  A spectral dream sheep (Lair:2)
  A black mamba simulacrum (Lair:2)
2 creatures vanquished.

Vanquished Creatures (others)
  A shadow (D:14)
  A howler monkey (D:11)
  2 orcs
  5 fungi
  4 plants (Lair:1)
  8 withered plants (Gauntlet)
21 creatures vanquished.

Grand Total: 964 creatures vanquished

Notes
Turn   | Place    | Note
-------+----------+-------------------------------------------
     0 | D:1      | Fang the Gargoyle Berserker began the quest for the Orb.
     0 | D:1      | Reached XP level 1. HP: 14/14 MP: 1/1
   306 | D:1      | Reached XP level 2. HP: 19/19 MP: 2/2
   552 | D:1      | Reached XP level 3. HP: 11/24 MP: 3/3
   558 | D:1      | Reached ** piety under Trog
  1354 | D:2      | Found a shattered altar of Ashenzari.
  1486 | D:2      | Reached XP level 4. HP: 29/29 MP: 4/4
  1487 | D:2      | Found an ancient bone altar of Kikubaaqudgha.
  1487 | D:2      | Found a blossoming altar of Fedhas.
  1645 | D:2      | Found a deep blue altar of Sif Muna.
  1646 | D:2      | Found a glowing silver altar of Zin.
  1773 | D:3      | Noticed Robin
  1796 | D:3      | Killed Robin
  1910 | D:3      | Noticed Terence
  1913 | D:3      | Reached *** piety under Trog
  1924 | D:3      | Reached XP level 5. HP: 28/33 MP: 5/5
  1927 | D:3      | Killed Terence
  1953 | D:3      | Noticed Ijyb
  1960 | D:3      | Paralysed by Ijyb for 4 turns
  1971 | D:3      | Paralysed by Ijyb for 2 turns
  1975 | D:3      | Killed Ijyb
  2389 | D:4      | Reached XP level 6. HP: 23/39 MP: 6/6
  2546 | D:4      | Found a glowing golden altar of the Shining One.
  2797 | D:4      | Reached skill level 5 in Fighting
  2831 | D:4      | Reached XP level 7. HP: 24/44 MP: 7/7
  3229 | D:4      | Found a staircase to the Ecumenical Temple.
  3247 | D:4      | Found a sacrificial altar of Ru.
  3519 | D:4      | Reached **** piety under Trog
  3616 | D:5      | Entered Level 5 of the Dungeon
  3805 | D:5      | Reached skill level 5 in Armour
  3962 | D:5      | Found a shimmering altar of Xom.
  4204 | D:5      | Reached XP level 8. HP: 51/51 MP: 8/8
  4509 | D:5      | Reached skill level 5 in Axes
  5146 | D:6      | Found a runed translucent door.
  5147 | D:6      | Noticed Crazy Yiuf
  5161 | D:6      | Killed Crazy Yiuf
  5336 | D:6      | Noticed Edmund
  5392 | D:6      | Killed Edmund
  5544 | D:6      | Found a bloodstained altar of Trog.
  5734 | D:7      | Reached XP level 9. HP: 51/56 MP: 9/9
  5761 | D:7      | Reached skill level 5 in Dodging
  5784 | D:7      | Reached ***** piety under Trog
  5824 | D:7      | Found Cug Xenoy's Book Shop.
  5846 | D:7      | Noticed a +0 hand axe
  5846 | D:7      | Noticed a +0 dagger
  5848 | D:7      | Found a hide-covered altar of Uskayaw.
  6566 | D:7      | Noticed Pikel
  6588 | D:7      | Killed Pikel
  6856 | D:7      | Found a sparkling altar of Nemelex Xobeh.
  6947 | D:8      | Noticed a hornet
  6992 | D:8      | Killed a hornet
  6992 | D:8      | Reached XP level 10. HP: 48/64 MP: 10/10
  7255 | D:8      | Noticed an unseen horror
  7303 | D:8      | Killed an unseen horror
  7526 | D:8      | Found Wapo Jack's Weapon Shop.
  7601 | D:8      | Bought a +1 battleaxe of flaming for 224 gold pieces
  7636 | D:8      | Bought a +0 battleaxe for 78 gold pieces
  7663 | D:8      | Found a white marble altar of Elyvilon.
  7663 | D:8      | Found a burning altar of Makhleb.
  7721 | D:8      | Found Geylouq's Serpentskin Sales.
  7779 | D:8      | Found Mosunty's Food Shoppe.
  7816 | D:8      | Noticed a two-headed ogre
  7823 | D:8      | Killed a two-headed ogre
  7919 | D:8      | Noticed a two-headed ogre
  7920 | D:8      | Noticed a two-headed ogre
  7930 | D:8      | Killed a two-headed ogre
  7938 | D:8      | Killed a two-headed ogre
  7938 | D:8      | Reached XP level 11. HP: 47/72 MP: 11/11
  8367 | D:9      | Found a radiant altar of Vehumet.
  8418 | D:9      | Received a gift from Trog
  8420 | D:9      | Noticed a cyclops
  8428 | D:9      | Killed a cyclops
  8585 | Temple   | Entered the Ecumenical Temple
  8715 | D:9      | Found a glowing golden altar of the Shining One.
  8715 | D:9      | Noticed an angel
  8716 | D:9      | Found a runed translucent door.
  8790 | D:9      | Found a staircase to the Lair.
  8799 | D:9      | Reached skill level 10 in Fighting
  9084 | D:10     | Entered Level 10 of the Dungeon
  9180 | D:10     | Reached skill level 10 in Armour
  9367 | D:10     | Found Emimejal's Magic Scroll Emporium.
  9453 | D:10     | Noticed a seven-headed hydra
  9463 | D:10     | Killed a three-headed hydra
  9913 | Lair:1   | Entered Level 1 of the Lair of Beasts
  9916 | Lair:1   | Noticed a six-headed hydra
  9928 | Lair:1   | Killed a one-headed hydra
 10241 | Lair:1   | Reached XP level 12. HP: 78/79 MP: 12/12
 10282 | Lair:1   | Received a gift from Trog
 10572 | Lair:1   | Got a smoking graven amulet
 11489 | Lair:2   | Identified a scroll of acquirement
 11559 | Lair:2   | Identified the amulet of Zodd {Gourm Str+4} (You found it
                  | on level 1 of the Lair of Beasts)
 11568 | Lair:2   | Found a runed translucent gate.
 11568 | Lair:2   | Found a runed translucent gate.
 11568 | Lair:2   | Found a runed translucent gate.
 12333 | Lair:2   | Noticed nbazoo's ghost (journeyman MiBe)
 12566 | Lair:2   | Reached skill level 10 in Axes
 12568 | Lair:2   | Noticed a queen ant
 12581 | Lair:2   | Killed a queen ant
 12612 | Lair:2   | Reached ****** piety under Trog
 12910 | Lair:2   | Killed nbazoo's ghost
 13122 | Lair:3   | Reached XP level 13. HP: 86/86 MP: 13/13
 13338 | Lair:3   | Found a staircase to the Swamp.
 13592 | Lair:3   | Received a gift from Trog
 14231 | Lair:4   | Found a staircase to the Snake Pit.
 14533 | Lair:5   | Received a gift from Trog
 15166 | Lair:5   | Reached skill level 10 in Dodging
 15579 | Lair:6   | Entered Level 6 of the Lair of Beasts
 15579 | Lair:6   | Found a staircase to the Slime Pits.
 15579 | Lair:6   | Found a viscous altar of Jiyva.
 16122 | Lair:6   | Gained mutation: Your large and strong wings let you fly
                  | indefinitely. [Gargoyle growth]
 16122 | Lair:6   | Reached XP level 14. HP: 94/94 MP: 14/14
 17395 | D:11     | Noticed Snorg
 17409 | D:11     | Killed Snorg
 17834 | D:11     | Noticed Erolcha
 17841 | D:11     | Killed Erolcha
 18261 | D:11     | Received a gift from Trog
 18386 | D:11     | Noticed Josephine
 18398 | D:11     | Killed Josephine
 18822 | D:12     | Found Fowuequs's Magic Scroll Emporium.
 18822 | D:12     | Found Wiet's Distillery.
 18862 | D:12     | Found a deep blue altar of Sif Muna.
 18930 | D:12     | Found a staircase to the Orcish Mines.
 18938 | D:12     | Found Boczam's Weapon Emporium.
 19030 | D:12     | Found Oxirchoki's Weapon Shoppe.
 19184 | D:12     | Found Curoxzus's Gadget Boutique.
 19347 | D:13     | Reached XP level 15. HP: 100/100 MP: 15/15
 19388 | D:13     | Found Ischeside's Assorted Antiques.
 19450 | D:13     | Found a gate leading to a gauntlet.
 19456 | Gauntlet | Entered a Gauntlet
 19456 | Gauntlet | Found a transporter.
 19478 | Gauntlet | Found a transporter.
 19480 | Gauntlet | Found a transporter.
 19482 | Gauntlet | Found a transporter.
 19496 | Gauntlet | Found a transporter.
 19512 | Gauntlet | Found a transporter.
 19520 | Gauntlet | Found a transporter.
 19544 | Gauntlet | Found a transporter.
 19558 | Gauntlet | Found a transporter.
 19570 | Gauntlet | Found a transporter.
 19582 | Gauntlet | Found a transporter.
 19594 | Gauntlet | Found a transporter.
 19606 | Gauntlet | Found a transporter.
 19624 | Gauntlet | Found a transporter.
 19645 | Gauntlet | Found a transporter.
 19647 | Gauntlet | Found a transporter.
 19725 | Gauntlet | Found a transporter.
 19729 | Gauntlet | Found a transporter.
 19816 | Gauntlet | Received a gift from Trog
 19819 | Gauntlet | Got a transparent battleaxe {god gift}
 19820 | Gauntlet | Identified the +8 battleaxe "Owka" {freeze, rElec rN+ Str-3
                  | Int+7} (Trog gifted it to you in a Gauntlet)
 19842 | Gauntlet | Got a faintly glowing lapis lazuli ring
 19926 | Gauntlet | Identified the Reference Book on Dark Summoning
 20444 | D:13     | Noticed Urug
 20449 | D:13     | Killed Urug
 20528 | D:13     | Identified the cursed +1 glaive "Utoung" {chop, Fragile
                  | +Blink SInv}
 20529 | D:13     | Noticed shrubosaur's ghost (journeyman GrBe)
 20703 | D:13     | Found a transporter.
 20712 | D:13     | Found a transporter.
 21179 | D:14     | Identified the ring "Wonifrik" {*Tele rElec Str+3} (You
                  | found it in a Gauntlet)
 21700 | D:14     | Received a gift from Trog
 21888 | D:14     | Found a gate to the Vaults.
 22256 | D:14     | Reached skill level 15 in Fighting
 22269 | D:14     | Noticed Frances
 22284 | D:14     | Killed Frances
 22721 | D:15     | Entered Level 15 of the Dungeon
 22874 | D:15     | Found a glowing golden altar of the Shining One.
 22874 | D:15     | Found a glowing golden altar of the Shining One.
 22875 | D:15     | Found a white marble altar of Elyvilon.
 22909 | D:15     | Reached skill level 15 in Armour
 22945 | D:15     | Received a gift from Trog
 22962 | D:15     | Reached XP level 16. HP: 74/108 MP: 16/16
 24054 | D:15     | Found a staircase to the Depths.
 24238 | D:15     | Noticed a tengu reaver
 24254 | D:15     | Killed a tengu reaver
 24633 | Orc:1    | Entered Level 1 of the Orcish Mines
 24698 | Orc:1    | Noticed Maurice
 24700 | Orc:1    | Received a gift from Trog
 24729 | Orc:1    | Killed Maurice
 24920 | Orc:2    | Entered Level 2 of the Orcish Mines
 24921 | Orc:2    | Found a staircase to the Elven Halls.
 25092 | Orc:2    | Paralysed by an orc sorcerer for 5 turns
 25480 | Orc:2    | Shot with a bolt by an orc knight

Skill      XL: |  1  2  3  4  5  6  7  8  9 10 11 12 13 14 15 |
---------------+----------------------------------------------+-----
Axes           | 3 4 5 6 8 9 10 11 12 13 | 13.7
Dodging        | 2 3 4 6 7 8 9 10 11 12 | 12.6
Armour         | 3 4 5 6 8 9 10 11 12 14 15 | 15.7
Fighting       | 4 5 6 8 9 10 12 13 14 15 | 15.9

Action                   |  1- 3 |  4- 6 |  7- 9 | 10-12 | 13-15 | 16-18 || total
-------------------------+-------+-------+-------+-------+-------+-------++-------
Melee: Hand axe          |   123 |   149 |   658 |    98 |       |       ||  1028
       Battleaxe         |       |       |       |   467 |  1103 |   347 ||  1917
       Executioner's axe |       |       |       |       |    90 |       ||    90
Invok: Berserk           |     1 |     5 |     8 |     5 |    11 |     3 ||    33
       Brothers in Arms  |       |       |       |     2 |     1 |       ||     3
 Abil: Fly               |       |       |       |       |     1 |       ||     1
  Use: Scroll            |       |       |       |    26 |    11 |     3 ||    40
       Potion            |       |       |       |       |       |     2 ||     2
  Eat: Chunk             |     3 |     9 |    20 |    41 |    50 |    20 ||   143
       Ration            |       |       |       |     3 |       |       ||     3
Armor: Chain mail        |    83 |    72 |       |       |       |       ||   155
       Animal skin       |     2 |       |       |       |       |       ||     2
       Leather armour    |       |    45 |   118 |       |       |       ||   163
       Plate armour      |       |       |   327 |   649 |  1092 |   378 ||  2446
Dodge: Dodged            |    68 |   100 |   389 |   606 |  1097 |   372 ||  2632
